 Dungeon Crawl Stone Soup version 0.29-a0-362-g5854e031c7 (webtiles) character file.

Game seed: 10640295392052308717

125 domi the Conjurer (level 4, -2/30 HPs)
             Began as a Demonspawn Hedge Wizard on Apr 29, 2022.
             Slain by a sky beast (3 damage)
             ... on level 3 of the Dungeon.
             The game lasted 00:05:25 (2948 turns).

domi the Conjurer (Demonspawn Hedge Wizard)         Turns: 2948, Time: 00:05:26

Health: -2/30      AC:  3    Str: 10    XL:     4   Next: 82%
Magic:  8/8        EV: 12    Int: 18    God:
Gold:   114        SH:  0    Dex: 12    Spells: 1/9 levels left

rFire   . . .      SeeInvis .   q - +2 dagger (venom)
rCold   . . .      Faith    .   (no shield)
rNeg    . . .      Spirit   .   b - +0 robe
rPois   .          Reflect  .   c - +0 hat
rElec   .          Harm     .   g - +0 cloak
rCorr   .          Rampage  .   (no gloves)
Will    .....                   (no boots)
Stlth   ++........              (no amulet)
HPRegen 0.10/turn               o - ring of wizardry {Wiz+}
MPRegen 0.11/turn               (no ring)

@: no status effects
A: hooves 1, foul stench 1, spiny 1
a: no special abilities


You were on level 3 of the Dungeon.
You visited 1 branch of the dungeon, and saw 3 of its levels.

You collected 114 gold pieces.

Inventory:

Hand Weapons
 a - a +0 dagger
 j - a +1 dagger of venom
   (You took it off a kobold on level 1 of the Dungeon)
 q - a +2 dagger of venom (weapon)
   (You took it off a goblin on level 2 of the Dungeon)
Missiles
 i - 4 poisoned darts
Armour
 b - a +0 robe (worn)
 c - a +0 hat (worn)
 g - a +0 cloak (worn)
   (You found it on level 1 of the Dungeon)
Magical Staves
 t - a staff of air {rElec}
   (You found it on level 3 of the Dungeon)
Jewellery
 o - a ring of wizardry (left hand) {Wiz+}
   (You found it on level 2 of the Dungeon)
Scrolls
 e - a scroll of teleportation {unknown}
 h - a scroll of blinking {unknown}
 l - a scroll of immolation {unknown}
 n - a scroll of noise {unknown}
 p - 2 scrolls of identify {unknown}
 r - 3 scrolls of enchant weapon {unknown}
Potions
 d - a potion of magic
 f - 3 potions of curing {unknown}
 k - a potion of berserk rage {unknown}
 m - a potion of brilliance {unknown}
 s - a potion of ambrosia {unknown}


   Skills:
 - Level 1.7 Dodging
 - Level 1.7 Stealth
 - Level 3.0 Spellcasting
 + Level 4.7 Conjurations
 - Level 1.0 Summonings
 - Level 0.8 Translocations


You had one spell level left.
You knew the following spells:

 Your Spells              Type           Power      Damage    Failure   Level
b - Blink                 Tloc           10%        N/A       7%          2
c - Mephitic Cloud        Conj/Pois/Air  8%         N/A       11%         3
x - Call Imp              Summ           6%         N/A       6%          2
z - Magic Dart            Conj           76%        1d6       1%          1

Your spell library contained the following spells:

 Spells                   Type           Power      Damage    Failure   Level
 Slow                     Hex            8%         N/A       6%          1
 Conjure Flame            Conj/Fire      11%        6-21      8%          3
 Ignite Poison            Fire/Tmut/Pois 2%         N/A       19%         3
 Sticky Flame             Conj/Fire      11%        2d3       24%         4
 Conjure Ball Lightning   Conj/Air       5%         3x3d6     97%         6
 Discord                  Hex            1%         N/A       100%        8
 Disjunction              Tloc           2%         N/A       100%        8


Dungeon Overview and Level Annotations

Branches:
Dungeon (3/15)

Altars:

Shops:
D:2 (


Innate Abilities, Weirdness & Mutations

You have large cloven feet.
You may rarely emit foul miasma when damaged in melee.
You are partially covered in sharp spines.


Message History

The adder bites you. The adder is struck by your spines.
You kill the adder!
You take 1 damage, and have 23/30 hp.
You now have 97 gold pieces (gained 3).
You see here a +0 war axe.
You see here 15 stones.
You see here a +0 trident.
Done exploring.
Done exploring.
Done exploring.
Health restored: 30 Done exploring.
Done exploring.
Done exploring.
Done exploring.
(D) Dungeon
Where to? (Enter - D:1 @ (x,y), ? - help)
There is a stone staircase leading down here.
You climb downwards.
There is a stone staircase leading up here.
A frilled lizard is nearby!
A giant cockroach comes into view.
A rat comes into view.
The giant cockroach closely misses you.
The giant cockroach is struck by your spines.
You kill the giant cockroach!
The frilled lizard hisses angrily.
The frilled lizard misses you.
The frilled lizard bites you but does no damage.
The frilled lizard bites you.
You take 3 damage, and have 27/30 hp.
The frilled lizard is struck by your spines.
You kill the frilled lizard!
The rat closely misses you. The rat closely misses you.
The rat is struck by your spines.
You kill the rat!
Health restored: 30 You now have 114 gold pieces (gained 17).
Found a stone staircase leading down.
t - a staff of air {rElec} A quokka comes into view.
A quokka is nearby!
The quokka closely misses you.
You hit the quokka.
The quokka is poisoned.
You kick the quokka.
You kill the quokka!
You pick up a book of Chaos and begin reading...
You add the spells Conjure Ball Lightning, Disjunction and Discord to your library.
An adder comes into view.
The adder hisses angrily.
An adder is nearby!
An adder is nearby!
An adder is nearby!
An adder is nearby!
The adder bites you but does no damage. x2
The adder is struck by your spines. The adder bites you.
You take 3 damage, and have 27/30 hp.
The adder bites you but does no damage. The adder bites you.
You take 1 damage, and have 26/30 hp.
The adder completely misses you. The adder bites you.
You take 1 damage, and have 25/30 hp.
The adder is struck by your spines. The adder bites you but does no damage.
The adder is struck by your spines.
You kill the adder!
You see here an adder corpse.
You see here a +0 leather armour.
You open the door.
There is an open door here.
A sky beast comes into view.
Health restored: 30 A sky beast is nearby!
A sky beast is nearby!
A sky beast is nearby!
The sky beast is struck by your spines. The sky beast hits you.
The sky beast shocks you.
You take 7 damage, and have 23/30 hp.
MASSIVE DAMAGE!!
The sky beast is struck by your spines. The sky beast barely misses you.
The sky beast is struck by your spines. The sky beast barely misses you.
The sky beast is struck by your spines.
The sky beast hits you but does no damage.
The sky beast hits you. The sky beast shocks you.
You take 7 damage, and have 16/30 hp.
MASSIVE DAMAGE!!
The sky beast is struck by your spines. The sky beast hits you.
The sky beast shocks you.
* * * LOW HITPOINT WARNING * * *
You take 7 damage, and have 9/30 hp.
MASSIVE DAMAGE!!
The sky beast is struck by your spines. The sky beast barely misses you.
The sky beast hits you.
* * * LOW HITPOINT WARNING * * *
The sky beast shocks you.
* * * LOW HITPOINT WARNING * * *
You take 8 damage, and have 1/30 hp.
MASSIVE DAMAGE!!
The sky beast hits you but does no damage.
The sky beast hits you.
You die...

#####..#.# #.#.#'###
...##..#.# #.#.#.##
...##..#[# #.#....#
.......#.# #.#....#
...##.##.# #......#
..###....# #..##+######
#.###########..##+#.....
#.##....................
.†.#....######..@Y......
.#.........# #..........
...#####.#.###.##.......
#.##...........>+.......
#. #####...###..#.......
#. ##..# #..#....... #.
#..# #..######## #. #..#
#..# .. #..###..#####


You could see a sky beast.

Vanquished Creatures
  Ijyb (D:2)
  5 adders
  A worm (D:1)
  A dart slug (D:2)
  5 bats (D:1)
  5 endoplasms
  3 giant cockroaches
  11 goblins
  A hobgoblin (D:1)
  3 quokkas
  4 ball pythons
  2 frilled lizards
  2 kobolds
  7 rats
51 creatures vanquished.

Notes
Turn   | Place    | Note
-------+----------+-------------------------------------------
     0 | D:1      | domi the Demonspawn Hedge Wizard began the quest for the
                  | Orb.
     0 | D:1      | Reached XP level 1. HP: 13/13 MP: 4/4
   239 | D:1      | Reached skill level 2 in Conjurations
   300 | D:1      | Gained mutation: You are partially covered in sharp spines.
                  | [demonic ancestry]
   300 | D:1      | Reached XP level 2. HP: 19/19 MP: 1/6
   792 | D:1      | Found a faded altar of an unknown god.
  1141 | D:2      | Reached skill level 3 in Conjurations
  1141 | D:2      | Gained mutation: You may rarely emit foul miasma when
                  | damaged in melee. [demonic ancestry]
  1141 | D:2      | Reached XP level 3. HP: 24/24 MP: 0/7
  1689 | D:2      | Noticed Ijyb
  1745 | D:1      | Learned a level 2 spell: Call Imp
  1748 | D:1      | Learned a level 2 spell: Blink
  1752 | D:1      | Learned a level 3 spell: Mephitic Cloud
  2041 | D:2      | Found Ohoi's Weapon Shoppe.
  2243 | D:2      | Killed Ijyb
  2244 | D:2      | Reached skill level 4 in Conjurations
  2244 | D:2      | Discovered your monstrous ancestry.
  2244 | D:2      | Gained mutation: You have large cloven feet. [demonic
                  | ancestry]
  2244 | D:2      | Reached XP level 4. HP: 28/30 MP: 2/8
  2936 | D:3      | Noticed a sky beast
  2946 | D:3      | HP: 6/30 [sky beast (3)]
  2946 | D:3      | HP: 1/30 [sky beast (5)]
  2948 | D:3      | Slain by a sky beast

Illustrated notes

Levels and vault maps discovered:
D:1:      sevenhm_arrival_forest_fort_small_4, layout_rooms,
          shapermc_ecumenical_altar_hornbeckon, minmay_misc_feat_iff
D:2:      kennysheep_the_goblin_king, layout_basic, serial_shops, shop
D:3:      layout_basic, minmay_misc_feat_tower, uniq_terence, uniq_ijyb

Skill      XL: |  1  2  3 |
---------------+----------+-----
Conjurations   | 2 3 4 |  4.7
Dodging        | |  1.7
Stealth        | |  1.7
Spellcasting   | |  3.0
Summonings     | |  1.0
Translocations | |  0.8

Action                   |  1- 3 |  4- 6 || total
-------------------------+-------+-------++-------
Melee: Dagger            |    34 |    10 ||    44
       Unarmed           |     4 |       ||     4
       Kick              |       |     2 ||     2
 Cast: Magic Dart        |    87 |       ||    87
       Mephitic Cloud    |     1 |       ||     1
 Stab: Sleeping          |       |     1 ||     1
Armor: Robe              |     7 |     8 ||    15
Dodge: Dodged            |    52 |    13 ||    65

Table legend: (Time is in decaauts)
 A = Elapsed time spent in this place.
 B = Non-inter-level travel time spent in this place.
 C = Inter-level travel time spent in this place.
 D = Time resting spent in this place.
 E = Time spent auto-exploring this place.
 F = Levels seen in this place.
 G = Mean time per level.
                   A        B        C        D        E       F      G
               +--------+--------+--------+--------+--------+-----+--------+
         Total |   2956 |   2790 |    166 |    214 |   2104 |   3 |  985.3 |
       Dungeon |   2956 |   2790 |    166 |    214 |   2104 |   3 |  985.3 |
               +--------+--------+--------+--------+--------+-----+--------+

Top non-repeatable levels by time:
     D:2: 1452 daAuts
     D:1: 1300 daAuts
     D:3: 202 daAuts

Table legend:
 A = Kills in this place as a percentage of kills in entire the game.
 B = Kills by you in this place as a percentage of kills by you in the entire game.
 C = Kills by friends in this place as a percentage of kills by friends in the entire game.
 D = Other kills in this place as a percentage of other kills in the entire game.
 E = Experience gained in this place as a percentage of experience gained in the entire game.
 F = Experience gained in this place divided by the number of levels of this place that you have seen.
                   A       B       C       D       E      F
               +-------+-------+-------+-------+-------+----------------------
         Total | 100.0 | 100.0 |   N/A |   N/A | 100.0 |  59.7
       Dungeon | 100.0 | 100.0 |   N/A |   N/A | 100.0 |  59.7
               +-------+-------+-------+-------+-------+----------------------
